 Dungeon Crawl Stone Soup version 0.31-a0-221-gbddc013574 (webtiles) character file.

Game seed: 12820544774252439490

36113 qw the Marksgargoyle (level 13, -12/84 HPs)
             Began as a Gargoyle Hexslinger on July 4, 2023.
             Was an Elder of Okawaru.
             Mangled by a boulder beetle (14 damage)
             ... on level 5 of the Lair of Beasts.
             The game lasted 00:06:03 (15345 turns).

qw the Marksgargoyle (Gargoyle Hexslinger)         Turns: 15345, Time: 00:06:03

Health: -12/84     AC: 22    Str: 13    XL:     13   Next: 88%
Magic:  13/20      EV: 18    Int: 14    God:    Okawaru [****..]
Gold:   902        SH:  0    Dex: 22    Spells: 13/14 levels left

rFire   + . .        Y - +2 longbow (freeze)
rCold   . . .        (shield currently unavailable)
rNeg    + . .        s - +1 ring mail {rF+}
rPois   inf          l - +0 helmet
rElec   +            f - +1 cloak
rCorr   .            (no gloves)
SInv    .            (no boots)
Will    +....        o - amulet of the acrobat
Stlth   +++          d - ring of willpower
HPRegen 0.34/turn    q - +6 ring of dexterity
MPRegen 0.17/turn

%: acrobat
@: about to teleport, heroic, finesse-ful
A: sickness immunity, AC +9, negative energy resistance 1, electricity
resistance, torment resistance 1, petrification resistance
a: Renounce Religion, Heroism, Finesse


You were on level 5 of the Lair of Beasts.
You worshipped Okawaru.
Okawaru was greatly pleased with you.
You visited 3 branches of the dungeon, and saw 16 of its levels.

You collected 1087 gold pieces.
You spent 185 gold pieces at shops.


Innate Abilities, Weirdness & Mutations

You are immune to sickness and miasma.
Your stone body is resilient. (AC +9)
You are immune to poison.
You resist negative energy. (rN+)
You are resistant to electric shocks. (rElec)
You are resistant to unholy torment.
You are immune to petrification.


   Skills:
 - Level 11.0(16.0) Fighting
 + Level 17.3(22.3) Ranged Weapons
 - Level 6.1(11.1) Armour
 - Level 6.0(11.0) Dodging
 - Level 1.0 Spellcasting
 - Level 2.6 Hexes
 + Level 9.4 Invocations


You had 13 spell levels left.
You knew the following spells:

 Your Spells              Type           Power      Damage    Failure   Level
a - Slow                  Hex            32%        N/A       16%         1

Your spell library contained the following spells:

 Spells                   Type           Power      Damage    Failure   Level
 Inner Flame              Hex/Fire       4%         N/A       63%         3
 Portal Projectile        Hex/Tloc       8%         N/A       63%         3
 Cause Fear               Hex            4%         N/A       83%         4

Inventory:

Hand Weapons
 Y - a +2 longbow of freezing (weapon)
Armour
 f - a +1 cloak (worn)
 l - a +0 helmet (worn)
 n - the +3 leather armour of Barnacled Curiosity {+Inv}
   (You found it on level 10 of the Dungeon)

   +Inv:      It lets you turn invisible.
 s - a +1 ring mail of fire resistance (worn)
Jewellery
 d - a ring of willpower (left hand)
 m - a ring of ice
 o - an amulet of the acrobat (around neck)
 p - a ring of fire
 q - a +6 ring of dexterity (right hand)
Wands
 e - a wand of digging (5)
Scrolls
 a - a scroll of identify
 c - 3 scrolls of teleportation
Potions
 b - 8 potions of curing
 g - a potion of magic {unknown}
 h - a potion of resistance
 i - a potion of enlightenment
 j - a potion of cancellation
 k - a potion of haste {unknown}
 r - 2 potions of heal wounds

Dungeon Overview and Level Annotations

Branches:
Dungeon (10/15)            Temple (1/1) D:7            Lair (5/5) D:10
 Shoals (0/4) Lair:3        Snake (0/4) Lair:3        Slime (0/5) Lair:4
    Orc (0/2) D:10

Altars:
Ashenzari
Cheibriados
Dithmenos
Elyvilon
Fedhas
Gozag
Hepliaklqana
Kikubaaqudgha
Makhleb
Nemelex Xobeh
Okawaru
Qazlal
Ru
Sif Muna
Trog
Uskayaw
Vehumet
Wu Jian
Xom
Yredelemnul
Zin
The Shining One
Jiyva

Shops:
D:6 [

Annotations:
D:2 1 runed translucent door, Crazy Yiuf


Message History

The yak closely misses you. The death yak misses you.
The death yak closely misses you. The death yak gores you.
15336 ||| INVOKING Heroism.
You gain the combat prowess of a mighty hero.
The death yak completely misses you.
The death yak gores you but does no damage.
The yak misses you.
You shoot an arrow. The arrow hits the death yak!
The arrow freezes the death yak.
You kill the death yak!
Okawaru accepts your kill.
You shoot an arrow. The arrow closely misses the yak.
You shoot an arrow. The arrow hits the yak.
The arrow freezes the yak.
The yak is lightly wounded.
The yak misses you.
The wyvern bites you but does no damage.
The death yak gores you! The death yak barely misses you.
You shoot an arrow. The arrow hits the yak!
The arrow freezes the yak.
The yak is severely wounded.
You shoot an arrow.
The arrow hits the yak but does no damage.
The yak is severely wounded.
The wyvern bites you.
You shoot an arrow. The arrow hits the yak!!
The arrow freezes the yak.
You kill the yak!
Okawaru accepts your kill. The death yak gores you!
The death yak barely misses you.
You shoot an arrow. The arrow barely misses the wyvern.
The arrow hits the boulder beetle!!
The arrow freezes the boulder beetle!
The boulder beetle is moderately wounded.
The wyvern bites you but does no damage.
You shoot an arrow.
The arrow barely misses the boulder beetle.
The wyvern bites you. The death yak gores you!
The death yak completely misses you. The death yak gores you!
15345 ||| READING 4 scrolls of teleportation.
As you read the scroll of teleportation, it crumbles to dust.
You feel strangely unstable. The boulder beetle bites you!
You die...

......#..#.....................P.
........................P........
........................#~.......
..##....................PP..^....
..#.............[.............##.
###############............#...#.
7P................ . 77~..B......
7~..@lY..... ~~~~~~YYY....#.
~7~..P.Y....P.# 7777..........
7#...~~...# #..P~~~~.. ##.~~~~#..
#..~~~~..


You could see 3 death yaks, a boulder beetle, 2 yaks and a wyvern.

Vanquished Creatures
  4 hydras
  2 two-headed ogres (D:9)
  A boulder beetle (Lair:2)
  3 death yaks (Lair:5)
  A fire crab (Lair:4)
  A lindwurm (Lair:5)
  9 elephants (Lair:4)
  A salamander (Lair:3)
  Joseph (D:8)
  4 black mambas
  16 cane toads
  A spectral unseen horror (D:9)
  2 rime drakes
  5 komodo dragons
  A troll (D:9)
  A polar bear (Lair:5)
  Grinder (D:5)
  3 blink frogs (Lair:4)
  14 dream sheep
  4 wraiths
  3 wyverns
  29 yaks
  An unseen horror simulacrum (D:9)
  Eustachio (D:4)
  4 basilisks
  5 steam dragons
  13 water moccasins
  An acid dragon (Lair:5)
  5 orc warriors
  4 sky beasts
  3 black bears
  An ogre (D:6)
  8 centaurs
  3 wolves (Lair:5)
  4 kobold brigands
  13 bullfrogs
  A gnoll sergeant (D:7)
  2 scorpions
  7 wights
  16 killer bees
  3 electric eels
  A howler monkey (D:7)
  3 lava snakes (Lair:3)
  2 hounds
  4 orc priests (D:10)
  3 jellies
  3 gnoll boudas
  An iguana (Lair:5)
  7 orc wizards
  7 hell rats (Lair:1)
  A centaur simulacrum (D:9)
  13 gnolls
  6 adders
  2 white imps
  An ufetubus (D:5)
  A worm (D:5)
  2 dart slugs
  21 orcs
  7 endoplasms
  4 giant cockroaches
  2 goblins
  5 hobgoblins
  9 jackals
  14 kobolds
  7 quokkas
  4 ball pythons
  5 bats
  2 frilled lizards (D:1)
  2 rats
341 creatures vanquished.

Notes
Turn   | Place    | Note
-------+----------+-------------------------------------------
     0 | D:1      | qw the Gargoyle Hexslinger began the quest for the Orb.
     0 | D:1      | Reached XP level 1. HP: 12/12 MP: 2/2
     0 | D:1      | 0 ||| qw: Version: 0.3-a-41-g9d075ac
     0 | D:1      | 0 ||| qw: Game counter: 747
     0 | D:1      | 0 ||| qw: Melee chars always use a shield: true
     0 | D:1      | 0 ||| qw: God list: Okawaru
     0 | D:1      | 0 ||| qw: Allow faded altars: false
     0 | D:1      | 0 ||| qw: Do Orc after clearing Dungeon:15 true
     0 | D:1      | 0 ||| qw: Do second Lair branch before Depths: true
     0 | D:1      | 0 ||| qw: Lair rune preference: random
     0 | D:1      | 0 ||| qw: Goals: Normal
     0 | D:1      | 0 ||| PLANNING D:1-11
   158 | D:1      | Reached XP level 2. HP: 13/16 MP: 3/3
   469 | D:1      | Reached skill level 3 in Ranged Weapons
   577 | D:1      | Found a faded altar of an unknown god.
   718 | D:1      | 718 ||| FLEEEEING.
   921 | D:1      | 921 ||| UPGRADING to +0 ring mail.
   931 | D:1      | 931 ||| DROPPING +0 robe.
   932 | D:1      | 932 ||| READING 2 scrolls labelled RUNOSTRUAKU.
   933 | D:1      | 933 ||| READING scroll labelled JEUJANKADA.
   936 | D:1      | 936 ||| DRINKING 2 smoky purple potions.
   937 | D:1      | 937 ||| DROPPING scroll of poison.
  1225 | D:2      | Reached XP level 3. HP: 21/21 MP: 4/4
  1432 | D:2      | HP: 5/21 [adder (2)]
  1938 | D:2      | Found a runed translucent door.
  1939 | D:2      | Noticed Crazy Yiuf
  2065 | D:2      | 2065 ||| READING scroll labelled VOSYGI SYGYIMY.
  2066 | D:2      | 2066 ||| READING scroll labelled HUOMISCH JIVVUY.
  2067 | D:2      | 2067 ||| READING scroll labelled GUKHEK NEIPRE.
  2068 | D:2      | 2068 ||| READING 3 scrolls of identify.
  2068 | D:2      | 2068 ||| IDENTIFYING purple potion
  2069 | D:2      | 2069 ||| READING 2 scrolls of identify.
  2069 | D:2      | 2069 ||| IDENTIFYING glowing ruby potion
  2070 | D:2      | 2070 ||| DROPPING potion of lignification.
  2199 | D:3      | Reached XP level 4. HP: 22/26 MP: 5/5
  2408 | D:3      | Reached skill level 4 in Ranged Weapons
  2688 | D:3      | Found a snail-covered altar of Cheibriados.
  2733 | D:3      | 2733 ||| SWAPPING to +1 longbow of freezing.
  2734 | D:3      | 2734 ||| DROPPING +1 sling.
  2774 | D:3      | 2774 ||| READING 2 scrolls of identify.
  2774 | D:3      | 2774 ||| IDENTIFYING cyan potion
  2816 | D:4      | Reached skill level 1 in Armour
  2840 | D:4      | Reached XP level 5. HP: 28/30 MP: 6/6
  3019 | D:4      | Reached skill level 5 in Ranged Weapons
  3065 | D:4      | Noticed Eustachio
  3065 | D:4      | Noticed a black bear
  3071 | D:4      | Killed a black bear
  3072 | D:4      | Reached skill level 3 in Fighting
  3072 | D:4      | Reached XP level 6. HP: 37/37 MP: 7/7
  3083 | D:4      | HP: 8/37 [white imp[Eustachio] (2)]
  3084 | D:4      | 3084 ||| DRINKING 2 potions of heal wounds.
  3088 | D:4      | HP: 7/37 [white imp/puff of frost[Eustachio] (7)]
  3089 | D:4      | 3089 ||| DRINKING potion of heal wounds.
  3110 | D:4      | Killed Eustachio
  3111 | D:4      | Reached skill level 6 in Ranged Weapons
  3248 | D:4      | 3248 ||| UPGRADING to ring of willpower.
  3249 | D:4      | 3249 ||| READING scroll labelled ULAESMO KACW.
  3250 | D:4      | 3250 ||| READING 3 scrolls of identify.
  3250 | D:4      | 3250 ||| IDENTIFYING silvery potion
  3251 | D:4      | 3251 ||| READING 2 scrolls of identify.
  3251 | D:4      | 3251 ||| IDENTIFYING sapphire potion
  3252 | D:4      | 3252 ||| DROPPING potion of brilliance.
  3256 | D:5      | Entered Level 5 of the Dungeon
  3315 | D:5      | Reached XP level 7. HP: 43/43 MP: 8/8
  3461 | D:5      | Noticed Grinder
  3475 | D:5      | Killed Grinder
  3476 | D:5      | Reached skill level 7 in Ranged Weapons
  3696 | D:5      | Found a hazy altar of Hepliaklqana.
  3711 | D:5      | 3711 ||| UPGRADING to +1 cloak.
  3775 | D:6      | Reached skill level 8 in Ranged Weapons
  3775 | D:6      | Reached XP level 8. HP: 47/48 MP: 9/9
  3929 | D:6      | HP: 8/49 [killer bee (5)]
  3930 | D:6      | 3930 ||| READING scroll of teleportation.
  3931 | D:6      | 3931 ||| DRINKING potion of heal wounds.
  4015 | D:6      | Found Ripnuh's Armour Emporium.
  4028 | D:6      | 4028 ||| BUYING +0 helmet (45 gold).
  4028 | D:6      | Bought a +0 helmet for 45 gold pieces
  4028 | D:6      | 4028 ||| BUYING +1 leather armour of fire resistance (140
                  | gold).
  4028 | D:6      | Bought a +1 leather armour of fire resistance for 140 gold
                  | pieces
  4028 | D:6      | 4028 ||| SHOPLISTING +2 pair of gloves of infusion (215
                  | gold, have 179).
  4078 | D:6      | Reached skill level 3 in Armour
  4205 | D:6      | Found a bloodstained altar of Trog.
  4205 | D:6      | Found a hide-covered altar of Uskayaw.
  4504 | D:6      | Reached skill level 9 in Ranged Weapons
  4560 | D:6      | HP: 11/49 [orc warrior/+0 trident (11)]
  4561 | D:6      | 4561 ||| READING scroll of teleportation.
  4952 | D:6      | 4952 ||| UPGRADING to +0 helmet.
  4957 | D:6      | 4957 ||| UPGRADING to +1 leather armour of fire resistance.
  4967 | D:6      | 4967 ||| DROPPING +0 ring mail.
  5024 | D:7      | Reached skill level 6 in Fighting
  5035 | D:7      | Reached XP level 9. HP: 55/55 MP: 10/10
  5060 | D:7      | 5060 ||| Stepping ~*~*~tactically~*~*~ (outnumbered).
  5075 | D:7      | HP: 12/55 [wight/+3 spear (9)]
  5176 | D:7      | Reached skill level 10 in Ranged Weapons
  5176 | D:7      | 5176 ||| FLEEEEING.
  5186 | D:7      | 5186 ||| STAIRDANCE
  5260 | D:6      | 5260 ||| READING scroll labelled VAMMUE QOCU.
  5371 | D:7      | Reached skill level 3 in Dodging
  5490 | D:7      | 5490 ||| Stepping ~*~*~tactically~*~*~ (outnumbered).
  5492 | D:7      | 5492 ||| Stepping ~*~*~tactically~*~*~ (outnumbered).
  6038 | D:7      | Found a staircase to the Ecumenical Temple.
  6039 | D:7      | 6039 ||| PLANNING TEMPLE
  6051 | D:7      | 6051 ||| READING scroll labelled LOATAA JAWE.
  6152 | D:7      | 6152 ||| READING scroll labelled HAICKOICLUU.
  6194 | D:8      | Noticed Joseph
  6196 | D:8      | 6196 ||| FLEEEEING.
  6207 | D:8      | Killed Joseph
  6341 | D:8      | Reached skill level 11 in Ranged Weapons
  6349 | D:8      | Reached XP level 10. HP: 63/63 MP: 11/11
  6373 | D:8      | 6373 ||| DRINKING 5 potions of curing.
  6373 | D:8      | 6373 ||| (to cure confusion)
  6619 | D:8      | 6619 ||| FLEEEEING.
  6620 | D:8      | 6620 ||| FLEEEEING.
  6621 | D:8      | 6621 ||| FLEEEEING.
  6622 | D:8      | 6622 ||| FLEEEEING.
  6623 | D:8      | 6623 ||| FLEEEEING.
  6624 | D:8      | 6624 ||| FLEEEEING.
  6625 | D:8      | 6625 ||| FLEEEEING.
  6626 | D:8      | 6626 ||| FLEEEEING.
  6627 | D:8      | 6627 ||| FLEEEEING.
  6628 | D:8      | 6628 ||| FLEEEEING.
  6629 | D:8      | 6629 ||| FLEEEEING.
  6630 | D:8      | 6630 ||| FLEEEEING.
  6858 | D:8      | 6858 ||| DRINKING 3 fizzy orange potions.
  6863 | D:8      | 6863 ||| STAIRDANCE
  6965 | D:7      | 6965 ||| DRINKING 2 fizzy brown potions.
  6966 | D:7      | 6966 ||| DROPPING 2 potions of berserk rage.
  6967 | D:7      | 6967 ||| DROPPING potion of degeneration.
  7054 | D:8      | Found an opulent altar of Gozag.
  7055 | D:8      | Found a glowing silver altar of Zin.
  7102 | D:8      | Reached skill level 12 in Ranged Weapons
  7162 | D:8      | 7162 ||| FLEEEEING.
  7204 | Temple   | Entered the Ecumenical Temple
  7441 | Temple   | 7441 ||| PLANNING D:1-11
  7772 | D:9      | Found a shimmering altar of Xom.
  7933 | D:9      | 7933 ||| Stepping ~*~*~tactically~*~*~ (outnumbered).
  7937 | D:9      | 7937 ||| Stepping ~*~*~tactically~*~*~ (outnumbered).
  8210 | D:9      | 8210 ||| Stepping ~*~*~tactically~*~*~ (outnumbered).
  8211 | D:9      | 8211 ||| FLEEEEING.
  8212 | D:9      | 8212 ||| Stepping ~*~*~tactically~*~*~ (outnumbered).
  8214 | D:9      | 8214 ||| Stepping ~*~*~tactically~*~*~ (outnumbered).
  8218 | D:9      | Reached skill level 13 in Ranged Weapons
  8362 | D:9      | Noticed a two-headed ogre
  8369 | D:9      | Killed a two-headed ogre
  8370 | D:9      | Reached skill level 9 in Fighting
  8425 | D:9      | Noticed a spectral unseen horror
  8438 | D:9      | Killed a spectral unseen horror
  8439 | D:9      | Reached XP level 11. HP: 58/71 MP: 12/12
  8563 | D:9      | Noticed a two-headed ogre
  8569 | D:9      | Killed a two-headed ogre
  8713 | D:9      | Identified the +9 dagger "Fagu" {pain, rPois rF+ rN+}
  9368 | D:10     | Entered Level 10 of the Dungeon
  9374 | D:10     | Identified the +3 leather armour of Barnacled Curiosity
                  | {+Inv}
  9387 | D:10     | Found a sacrificial altar of Ru.
  9699 | D:10     | Found an iron altar of Okawaru.
  9700 | D:10     | 9700 ||| PLANNING OKAWARU WORSHIP
  9700 | D:10     | 9700 ||| DROPPING +0 steam dragon scales.
  9701 | D:10     | 9701 ||| UPGRADING to +6 ring of dexterity.
  9707 | D:10     | Became a worshipper of Warmaster Okawaru
  9708 | D:10     | 9708 ||| PLANNING D:1-11
  9997 | D:10     | Found a staircase to the Orcish Mines.
 10006 | D:10     | 10006 ||| Stepping ~*~*~tactically~*~*~ (outnumbered).
 10193 | D:10     | Found a staircase to the Lair.
 10212 | D:10     | 10212 ||| FLEEEEING.
 10213 | D:10     | 10213 ||| FLEEEEING.
 10214 | D:10     | 10214 ||| FLEEEEING.
 10215 | D:10     | 10215 ||| FLEEEEING.
 10217 | D:10     | 10217 ||| FLEEEEING.
 10218 | D:10     | 10218 ||| STAIRDANCE
 10374 | D:10     | 10374 ||| PLANNING LAIR
 10395 | Lair:1   | Entered Level 1 of the Lair of Beasts
 10548 | Lair:1   | Reached skill level 14 in Ranged Weapons
 10552 | Lair:1   | Reached * piety under Okawaru
 10566 | Lair:1   | Reached skill level 1 in Invocations
 10576 | Lair:1   | 10576 ||| INVOKING Heroism.
 10784 | Lair:1   | 10784 ||| INVOKING Heroism.
 10795 | Lair:1   | 10795 ||| READING scroll labelled EDIGIF ETYSOQUK.
 10797 | Lair:1   | 10797 ||| INVOKING Heroism.
 10806 | Lair:1   | Reached skill level 3 in Invocations
 10856 | Lair:1   | 10856 ||| INVOKING Heroism.
 11006 | Lair:1   | 11006 ||| INVOKING Heroism.
 11043 | Lair:1   | 11043 ||| INVOKING Heroism.
 11108 | Lair:1   | 11108 ||| INVOKING Heroism.
 11126 | Lair:1   | Reached XP level 12. HP: 21/77 MP: 15/15
 11135 | Lair:1   | Noticed a seven-headed hydra
 11137 | Lair:1   | 11137 ||| INVOKING Heroism.
 11140 | Lair:1   | Killed a seven-headed hydra
 11141 | Lair:1   | Reached skill level 15 in Ranged Weapons
 11793 | Lair:1   | 11793 ||| DROPPING ring of flight.
 11840 | Lair:2   | 11840 ||| STAIRDANCE
 11893 | Lair:2   | 11893 ||| STAIRDANCE
 11896 | Lair:1   | Reached ** piety under Okawaru
 11901 | Lair:1   | 11901 ||| INVOKING Heroism.
 12140 | Lair:2   | Reached skill level 6 in Dodging
 12268 | Lair:2   | Noticed a boulder beetle
 12269 | Lair:2   | 12269 ||| INVOKING Heroism.
 12279 | Lair:2   | Killed a boulder beetle
 12423 | Lair:2   | Reached *** piety under Okawaru
 12424 | Lair:2   | Reached skill level 16 in Ranged Weapons
 12636 | Lair:2   | 12636 ||| UPGRADING to amulet of the acrobat.
 12641 | Lair:2   | 12641 ||| READING scroll labelled RAGHONG QOOCVE.
 12686 | Lair:3   | 12686 ||| INVOKING Heroism.
 12767 | Lair:3   | Found a staircase to the Shoals.
 12943 | Lair:3   | 12943 ||| UPGRADING to +1 ring mail of fire resistance.
 12962 | Lair:3   | 12962 ||| DROPPING +1 leather armour of fire resistance.
 13194 | Lair:3   | Reached **** piety under Okawaru
 13284 | Lair:3   | Found a staircase to the Snake Pit.
 13310 | Lair:3   | 13310 ||| FLEEEEING.
 13318 | Lair:3   | 13318 ||| STAIRDANCE
 13361 | Lair:3   | 13361 ||| FLEEEEING.
 13369 | Lair:3   | 13369 ||| STAIRDANCE
 13528 | Lair:4   | 13528 ||| INVOKING Heroism.
 13540 | Lair:4   | Reached XP level 13. HP: 83/84 MP: 14/16
 13646 | Lair:4   | 13646 ||| INVOKING Heroism.
 13663 | Lair:4   | 13663 ||| INVOKING Heroism.
 13669 | Lair:4   | Reached skill level 6 in Invocations
 13704 | Lair:4   | 13704 ||| INVOKING Heroism.
 13864 | Lair:4   | 13864 ||| INVOKING Heroism.
 14149 | Lair:4   | 14149 ||| FLEEEEING.
 14151 | Lair:4   | 14151 ||| FLEEEEING.
 14153 | Lair:4   | 14153 ||| FLEEEEING.
 14160 | Lair:4   | 14160 ||| FLEEEEING.
 14161 | Lair:4   | 14161 ||| FLEEEEING.
 14162 | Lair:4   | 14162 ||| FLEEEEING.
 14163 | Lair:4   | 14163 ||| FLEEEEING.
 14164 | Lair:4   | 14164 ||| STAIRDANCE
 14209 | Lair:3   | 14209 ||| DRINKING 2 white potions.
 14360 | Lair:4   | Found a viscous altar of Jiyva.
 14361 | Lair:4   | Found a staircase to the Slime Pits.
 14544 | Lair:4   | 14544 ||| READING scroll labelled DYSMAJ MAXZAE.
 14615 | Lair:5   | Entered Level 5 of the Lair of Beasts
 14690 | Lair:5   | 14690 ||| INVOKING Heroism.
 14800 | Lair:5   | 14800 ||| INVOKING Heroism.
 14806 | Lair:5   | Reached skill level 17 in Ranged Weapons
 14814 | Lair:5   | Reached ***** piety under Okawaru
 14828 | Lair:5   | 14828 ||| FLEEEEING.
 14829 | Lair:5   | 14829 ||| FLEEEEING.
 14830 | Lair:5   | 14830 ||| FLEEEEING.
 14831 | Lair:5   | 14831 ||| FLEEEEING.
 14832 | Lair:5   | 14832 ||| FLEEEEING.
 14833 | Lair:5   | 14833 ||| FLEEEEING.
 14834 | Lair:5   | 14834 ||| FLEEEEING.
 14835 | Lair:5   | 14835 ||| FLEEEEING.
 14836 | Lair:5   | 14836 ||| FLEEEEING.
 14837 | Lair:5   | 14837 ||| FLEEEEING.
 14838 | Lair:5   | 14838 ||| FLEEEEING.
 14839 | Lair:5   | 14839 ||| FLEEEEING.
 14840 | Lair:5   | 14840 ||| FLEEEEING.
 14844 | Lair:5   | 14844 ||| FLEEEEING.
 14845 | Lair:5   | 14845 ||| FLEEEEING.
 14846 | Lair:5   | 14846 ||| FLEEEEING.
 14847 | Lair:5   | 14847 ||| FLEEEEING.
 14848 | Lair:5   | 14848 ||| FLEEEEING.
 14849 | Lair:5   | 14849 ||| FLEEEEING.
 14850 | Lair:5   | 14850 ||| FLEEEEING.
 14851 | Lair:5   | 14851 ||| FLEEEEING.
 14852 | Lair:5   | 14852 ||| FLEEEEING.
 14853 | Lair:5   | 14853 ||| FLEEEEING.
 14854 | Lair:5   | 14854 ||| FLEEEEING.
 14855 | Lair:5   | 14855 ||| FLEEEEING.
 14856 | Lair:5   | 14856 ||| STAIRDANCE
 14892 | Lair:4   | 14892 ||| DROPPING ring of magical power.
 14910 | Lair:5   | 14910 ||| INVOKING Heroism.
 15013 | Lair:5   | 15013 ||| INVOKING Heroism.
 15017 | Lair:5   | Reached skill level 6 in Armour
 15298 | Lair:5   | 15298 ||| INVOKING Heroism.
 15316 | Lair:5   | Reached skill level 9 in Invocations
 15330 | Lair:5   | 15330 ||| INVOKING Finesse.
 15336 | Lair:5   | 15336 ||| INVOKING Heroism.
 15344 | Lair:5   | HP: 16/84 [death yak (14)]
 15344 | Lair:5   | HP: 2/84 [death yak (14)]
 15345 | Lair:5   | 15345 ||| READING 4 scrolls of teleportation.
 15345 | Lair:5   | Mangled by a boulder beetle

Levels and vault maps discovered:
D:1:      kilobyte_arrival_exit_the_forest, layout_loops_corners,
          hellmonk_ecumenical_altar_heavens_door
D:2:      kennysheep_six_static_rooms, layout_loops_corners,
          uniq_crazy_yiuf_cottage
D:3:      layout_loops_ring, lemuel_tele_altar, minmay_misc_feat_hallway,
          palyth_stone_intersect
D:4:      layout_rooms, uniq_eustachio
D:5:      layout_rooms, mainiacjoe_overflow_alcove_2, uniq_grinder
D:6:      layout_cave_pods, gammafunk_temple_overflow_elements, serial_shops,
          shop, hangedman_decor_riveting, hex_medium
D:7:      layout_loops_ring, minmay_temple_entry_from_below_a,
          corexii_item_surrounded_by_moat, grunt_ministairs_1, nrook_mini_vaults
D:8:      layout_loops_corners, grunt_temple_overflow_gold_and_silver,
          minmay_bent, uniq_joseph
D:9:      layout_stronghold, mainiacjoe_overflow_six_doors_small, st_stairs_1,
          dilly_guarded_unrand_morg
D:10:     layout_basic, nicolae_ru_sacrificial_ziggurat, okawaru_trees_2,
          lair_entry_dummy, minmay_orc_entry_temple_small
Temple:   oiseaux_autumnal_temple
Lair:1:   layout_layer_cave, grunt_megastairs_2, serial_bayou_shore_b
Lair:2:   layout_small_grid
Lair:3:   layout_roguey, minmay_shoals_entry_centaurs,
          nicolae_snake_entry_warm_welcome, serial_bayou, serial_bayou_ford_a,
          serial_bayou_lagoon_a, serial_bayou_lake_a, serial_bayou_crossing,
          hangedman_lair_unloving_vines
Lair:4:   layout_loops_ring, slime_entry_1
Lair:5:   guppyfry_lair_end_dragon, layout_gridlike, wad_woods_road_05

Skill      XL: |  1  2  3  4  5  6  7  8  9 10 11 12 13 |
---------------+----------------------------------------+-----
Ranged Weapons | 3 4 5 6 8 9 11 13 14 16 17 | 17.3
Fighting       | 2 3 4 6 7 9 10 11 | 11.0
Armour         | 1 3 5 6 |  6.1
Dodging        | 2 3 5 6 |  6.0
Invocations    | 4 5 9 |  9.4
Spellcasting   | |  1.0
Hexes          | |  2.6

Action                     |  1- 3 |  4- 6 |  7- 9 | 10-12 | 13-15 || total
---------------------------+-------+-------+-------+-------+-------++-------
   Fire: Sling             |   145 |    38 |       |       |       ||   183
         Longbow           |       |    77 |   194 |   629 |   218 ||  1118
 Invoke: Heroism           |       |       |       |    12 |    10 ||    22
         Finesse           |       |       |       |       |     1 ||     1
    Use: Scroll            |     7 |     4 |     5 |     2 |     2 ||    20
         Potion            |     1 |     2 |     1 |     3 |     1 ||     8
 Armour: Robe              |    12 |       |       |       |       ||    12
         Ring mail         |    43 |    57 |    44 |     8 |    59 ||   211
         Leather armour    |       |       |    17 |   170 |       ||   187
  Dodge: Dodged            |    61 |    81 |    92 |   273 |    81 ||   588

Table legend:
 A = Non-vault XP
 B = Vault XP
 C = Vault XP percentage of total XP
 D = Non-vault monster count
 E = Vault monster count
 F = Vault count percentage of total count
                 A         B        C        D         E       F
            +---------+---------+-------+---------+---------+-------
      Total |   44778 |    6813 |  13.2 |     278 |      63 |  18.5
            +---------+---------+-------+---------+---------+-------
        D:1 |      29 |       0 |   0.0 |      17 |       0 |   0.0
        D:2 |      22 |      23 |  51.1 |      11 |       6 |  35.3
        D:3 |      34 |       0 |   0.0 |      12 |       0 |   0.0
        D:4 |     289 |     196 |  40.4 |      13 |       1 |   7.1
        D:5 |     155 |     272 |  63.7 |       9 |       1 |  10.0
        D:6 |    1168 |       0 |   0.0 |      16 |       0 |   0.0
        D:7 |    1068 |     303 |  22.1 |      21 |       7 |  25.0
        D:8 |    1153 |    1570 |  57.7 |      19 |      10 |  34.5
        D:9 |    4050 |    1273 |  23.9 |      34 |       7 |  17.1
       D:10 |     961 |     531 |  35.6 |       8 |      14 |  63.6
     Lair:1 |    6286 |    1175 |  15.7 |      27 |       6 |  18.2
     Lair:2 |    5106 |       0 |   0.0 |      18 |       0 |   0.0
     Lair:3 |    4476 |    1103 |  19.8 |      18 |       8 |  30.8
     Lair:4 |    8737 |       0 |   0.0 |      24 |       0 |   0.0
     Lair:5 |   11244 |     367 |   3.2 |      31 |       3 |   8.8
            +---------+---------+-------+---------+---------+-------
